 Dungeon Crawl Stone Soup version 0.18-a0-1562-gac8da35 (webtiles) character file.

2545 Ijustatesigmund the Covert (level 9, 0/61 HPs)
             Began as an Octopode Transmuter on Mar 12, 2016.
             Slain by a river rat (8 damage)
             ... on level 8 of the Dungeon on Mar 13, 2016.
             The game lasted 00:26:00 (9439 turns).

Ijustatesigmund the Covert (Octopode Transmuter)    Turns: 9439, Time: 00:26:02

Health: 0/61       AC:  2    Str:  9      XL:     9   Next: 55%
Magic:  7/12       EV: 24    Int: 19      God:
Gold:   382        SH:  0    Dex: 15 (17) Spells: 5 memorised, 0 levels left

rFire  + . .     SeeInvis .       - Unarmed
rCold  . . .     Gourm    .     (shield currently unavailable)
rNeg   . . .     Faith    .     (helmet currently unavailable)
rPois  x         Spirit   .     (no amulet)
rElec  .         Dismiss  .     m - ring of protection from fire
rCorr  .         Reflect  .     g - ring of protection from magic
SustAt .         Harm     .     x - ring of flight
MR     +....                    y - +5 ring of evasion
Stlth  +++++.....               (no ring)
                                (no ring)
                                (no ring)
                                (no ring)

@: spider-form (expiring), very slightly contaminated, heavily drained, somewhat
resistant to hostile enchantments, quite stealthy
A: almost no armour, (amphibious), 8 rings, (constrict 8), (camouflage 0),
(poison resistance), (gelatinous body 0)
a: End Transformation, Evoke Flight


You were on level 8 of the Dungeon.
You were very hungry.
You were a venomous arachnid creature.
You visited 2 branches of the dungeon, and saw 9 of its levels.

You collected 382 gold pieces.

Inventory:

Missiles
 a - 86 arrows
 o - 14 arrows of dispersal
 u - 7 tomahawks (quivered)
Armour
 p - a +0 shield
Jewellery
 g - a ring of protection from magic (right front leg)
 m - a ring of protection from fire (left front leg)
 x - a ring of flight (on tentacle)
 y - a +5 ring of evasion (on tentacle)
Wands
 c - a wand of polymorph (10/24)
 j - a wand of flame (24/48)
 v - a wand of digging (7/24)
Scrolls
 d - 4 scrolls of teleportation
 i - 2 scrolls of amnesia
 k - 2 scrolls of recharging
 s - 2 scrolls of identify
 t - 3 scrolls of magic mapping
 w - a scroll of enchant armour
Potions
 e - a potion of cancellation
 f - 5 potions of curing
 r - 3 potions of brilliance
 C - 2 potions of invisibility {unknown}
Books
 b - a book of Changes

   Spells                             Type                      Level
   a - Beastly Appendage              Transmutation                1
   b - Sticks to Snakes               Transmutation                2
   c - Spider Form                    Transmutation/Poison         3
   d - Ice Form                       Ice/Transmutation            4
   e - Blade Hands                    Transmutation                5
 n - a book of Geomancy

   Spells                             Type                      Level
   a - Sandblast                      Earth                        1
   b - Passwall                       Transmutation/Earth          2
   c - Stone Arrow                    Conjuration/Earth            3
   d - Petrify                        Transmutation/Earth          4
   e - Lee's Rapid Deconstruction     Earth                        5
 B - a book of Annihilations

   Spells                             Type                      Level
   a - Poison Arrow                   Conjuration/Poison           6
   b - Chain Lightning                Conjuration/Air              8
   c - Lehudib's Crystal Spear        Conjuration/Earth            8
   d - Glaciate                       Conjuration/Ice              9
   e - Fire Storm                     Conjuration/Fire             9
Comestibles
 h - 7 bread rations
 l - 2 meat rations
 q - 3 beef jerkies
 A - 8 slices of pizza


   Skills:
 - Level 5.0(3.7) Fighting
 + Level 3.2(2.0) Dodging
 - Level 10.3(8.9) Stealth
 - Level 6.0(4.7) Unarmed Combat
 + Level 2.3(1.1) Spellcasting
 - Level 5.4(4.1) Transmutations
 - Level 3.4(2.2) Ice Magic
 - Level 2.2(1.0) Poison Magic


You couldn't memorise any spells.
You knew the following spells:

 Your Spells              Type           Power        Failure   Level  Hunger
a - Beastly Appendage     Trmt           ###...       14%         1    ##.....
b - Sticks to Snakes      Trmt           ###.....     21%         2    ###....
c - Spider Form           Trmt/Pois      ##........   41%         3    ####...
d - Ice Form              Ice/Trmt       ##......     71%         4    #####..
e - Passwall              Trmt/Erth      #.........   32%         2    ###....


Dungeon Overview and Level Annotations

Branches:
Dungeon (8/15)             Temple (1/1) D:5            Lair (0/8) D:8

Altars:
Ashenzari
Elyvilon
Kikubaaqudgha
Makhleb
Nemelex Xobeh
Pakellas
Qazlal
Sif Muna
Trog
Yredelemnul
Zin
The Shining One


Innate Abilities, Weirdness & Mutations

You cannot wear most types of armour.
((You are amphibious.))
You can wear up to eight rings at the same time.
((You can use your tentacles to constrict eight enemies at once.))
((Your skin changes colour to match your surroundings (Stealth).))
((Your rubbery body absorbs attacks (AC +1).))
((Your system is resistant to poisons.))


Message History

The river rat completely misses you. The hell rat bites you!!
You feel drained.
You hit the yak but do no damage.
The yak is severely wounded.
The hell rat bites you!
* * * LOW HITPOINT WARNING * * *
You feel drained.
* * * LOW HITPOINT WARNING * * *
The quokka completely misses you. The river rat misses you.
The hell rat completely misses you. The yak barely misses you.
Read which item? (? for menu, Esc to quit)
Okay, then.
Drink which item? (? for menu, Esc to quit)
You feel much better. The hell rat barely misses you.
The river rat closely misses you. The quokka closely misses you.
The hell rat bites you!
* * * LOW HITPOINT WARNING * * *
You feel drained.
* * * LOW HITPOINT WARNING * * *
The river rat bites you!
You die...

##### #.!.# #
#...##########
###########...#..^......
#...............########
#.........#...###
..........#...#
#.....r...#...#
#....rYsr.##### ##
$.....rrr.# #. #.
......r...# #.##.
.....>.W..# #....
/.......... ....
............ ##.#
[.........### ##...
..........# .#####....
..........


You could see a yak, a phantom, 2 hell rats, 3 river rats and 2 quokkas.

Vanquished Creatures
  Grinder (D:3)
  A human (D:7)
  A yak (D:7)
  Eustachio (D:4)
  A hippogriff (D:7)
  2 centaurs (D:7)
  The ghost of Ijustatesigmund the Insei, an amateur OpTm (D:3)
  Blork the orc (D:6)
  3 giant frogs
  3 scorpions
  A howler monkey (D:5)
  5 wights
  A crimson imp (D:6)
  A giant frog zombie (D:7)
  A quasit (D:7)
  A hound (D:5)
  6 orc wizards
  Jessica (D:3)
  A giant frog skeleton (D:4)
  7 worker ants
  Ijyb (D:3)
  Terence (D:3)
  2 iguanas
  4 sheep
  A howler monkey zombie (D:6)
  A howler monkey skeleton (D:7)
  8 adders
  An ooze (D:2)
  3 adder skeletons
  2 worms
  A dart slug (D:1)
  5 giant geckos
  20 orcs
  3 ball pythons
  9 giant cockroaches
  11 goblins
  7 hobgoblins
  10 jackals
  7 quokkas
  A ball python skeleton (D:4)
  6 bats
  10 giant newts
  9 kobolds
  A quokka skeleton (D:4)
  7 rats
171 creatures vanquished.

Vanquished Creatures (collateral kills)
  A worm (D:2)
1 creature vanquished.

Grand Total: 172 creatures vanquished

Notes
Turn   | Place    | Note
--------------------------------------------------------------
     0 | D:1      | Ijustatesigmund the Octopode Transmuter began the quest for the Orb.
     0 | D:1      | Reached XP level 1. HP: 13/13 MP: 3/3
   233 | D:1      | Reached XP level 2. HP: 16/18 MP: 5/5
   242 | D:1      | Learned a level 2 spell: Sticks to Snakes
   760 | D:1      | Reached XP level 3. HP: 22/24 MP: 6/6
   767 | D:1      | Learned a level 3 spell: Spider Form
  1513 | D:2      | Reached skill level 1 in Poison Magic
  1576 | D:2      | Reached XP level 4. HP: 14/30 MP: 5/7
  2201 | D:2      | Found a glowing golden altar of the Shining One.
  2201 | D:2      | Found a white marble altar of Elyvilon.
  2526 | D:3      | Noticed Ijyb
  2536 | D:3      | Killed Ijyb
  2857 | D:3      | Reached XP level 5. HP: 32/36 MP: 4/8
  3095 | D:3      | Noticed Ijustatesigmund's ghost (amateur OpTm)
  3162 | D:3      | Killed Ijustatesigmund's ghost
  3162 | D:3      | Reached skill level 1 in Stealth
  3331 | D:3      | Noticed Grinder
  3337 | D:3      | Paralysed by Grinder for 2 turns
  3344 | D:3      | Killed Grinder
  3344 | D:3      | Reached skill level 3 in Stealth
  3344 | D:3      | Reached XP level 6. HP: 34/43 MP: 2/9
  3425 | D:3      | Noticed Terence
  3452 | D:3      | Killed Terence
  4105 | D:3      | Noticed Jessica
  4119 | D:3      | Killed Jessica
  4119 | D:3      | Reached XP level 7. HP: 48/48 MP: 7/10
  4122 | D:3      | Upgraded the game from 0.18-a0-1560-ge216ca8 to 0.18-a0-1562-gac8da35
  4229 | D:4      | Noticed Eustachio
  4272 | D:4      | Killed Eustachio
  4272 | D:4      | Reached skill level 5 in Unarmed Combat
  5036 | D:4      | Learned a level 4 spell: Ice Form
  5140 | D:4      | Gained mutation: Your system is resistant to poisons. [potion of beneficial mutation]
  5623 | D:5      | Entered Level 5 of the Dungeon
  5879 | D:5      | Found a staircase to the Ecumenical Temple.
  5889 | D:5      | Reached skill level 1 in Ice Magic
  5889 | D:5      | Reached XP level 8. HP: 33/54 MP: 11/11
  5893 | Temple   | Entered the Ecumenical Temple
  6417 | D:5      | Found a burning altar of Makhleb.
  6624 | D:6      | Reached skill level 4 in Stealth
  7057 | D:6      | Noticed Blork the orc
  7074 | D:6      | Killed Blork the orc
  7074 | D:6      | Reached skill level 5 in Fighting
  7074 | D:6      | Reached skill level 5 in Transmutations
  7234 | D:6      | Reached skill level 5 in Stealth
  7977 | D:7      | Reached skill level 6 in Stealth
  7983 | D:7      | Reached XP level 9. HP: 28/61 MP: 9/12
  8251 | D:7      | Reached skill level 7 in Stealth
  8370 | D:7      | Reached skill level 8 in Stealth
  8689 | D:7      | Learned a level 2 spell: Passwall
  8849 | D:7      | Reached skill level 9 in Stealth
  8867 | D:7      | Reached skill level 10 in Stealth
  9338 | D:8      | Found a stormy altar of Qazlal.
  9423 | D:8      | Found a staircase to the Lair.
  9439 | D:8      | Slain by a river rat

Vault maps used:
D:1:      erik_arrival_blinker_ship, kennysheep_doodads
D:2:      gammafunk_temple_overflow_statue, serial_glass, glass_columns_c,
          glass_columns_b, glass_columns_a, glass_columns_b, glass_columns_b
D:3:      uniq_jessica, uniq_iyjb, uniq_terence, uniq_grinder
D:4:      first_bread, uniq_eustachio
D:5:      lemuel_coloured_pillars_altar, temple_green
D:6:      grunt_ministairs_1, uniq_blork_the_orc
D:7:      grunt_livestock, minmay_misc_feat_x
D:8:      nicolae_qazlal_eye_of_the_storm, dpeg_lair_monsters
Temple:   cyrus_temple_forest_13

Skill      XL: |  1  2  3  4  5  6  7  8  9 |
---------------+----------------------------+-----
Fighting       | 2 3 4 5 |  5.0
Poison Magic   | 1 2 |  2.2
Unarmed Combat | 4 6 |  6.0
Stealth        | 3 6 10 | 10.3
Dodging        | 3 |  3.2
Transmutations | 4 5 |  5.4
Ice Magic      | 1 3 |  3.4
Spellcasting   | |  2.3

Action                   |  1- 3 |  4- 6 |  7- 9 || total
-------------------------+-------+-------+-------++-------
Melee: Unarmed           |   102 |   133 |   367 ||   602
Throw: Tomahawk          |       |       |     5 ||     5
 Cast: Beastly Appendage |     7 |    10 |    18 ||    35
       Sticks to Snakes  |       |     9 |     2 ||    11
       Spider Form       |       |     4 |    13 ||    17
       Ice Form          |       |       |     1 ||     1
  Use: Scroll            |     5 |     3 |     8 ||    16
       Potion            |       |     5 |     8 ||    13
 Stab: Sleeping          |     9 |     6 |    14 ||    29
       Distracted        |       |       |     2 ||     2
  Eat: Chunk             |     2 |     4 |     9 ||    15
       Beef jerky        |       |     1 |       ||     1
       Bread ration      |       |     1 |     2 ||     3
       Royal jelly       |       |       |     1 ||     1
